 Dungeon Crawl Stone Soup version 0.26-a0-146-g24f6d3962c (webtiles) character file.

Game seed: 12967145088576481068

86 Flugslaktarn the Chiller (level 4, -1/27 HPs)
             Began as an Octopode Ice Elementalist on June 29, 2020.
             Was an Initiate of Makhleb.
             Slain by an adder (4 damage)
             ... on level 4 of the Dungeon.
             The game lasted 00:04:06 (605 turns).

Flugslaktarn the Chiller (Octopode Ice Elementalist) Turns: 605, Time: 00:04:06

Health: -1/27      AC:  1    Str:  7    XL:     4   Next: 50%
Magic:  3/8        EV: 12    Int: 18    God:    Makhleb [......]
Gold:   111        SH:  5    Dex: 12    Spells: 5/9 levels left

rFire    . . .     SeeInvis .   e - +0 hand axe
rCold    . . .     Faith    .   g - +2 buckler
rNeg     . . .     Spirit   .   (helmet restricted)
rPois    .         Reflect  .   (no amulet)
rElec    .         Harm     .   (no ring)
rCorr    .                      (no ring)
MR       .....                  (no ring)
Stlth    +++.......             (no ring)
HPRegen  0.09/turn              (no ring)
MPRegen  0.11/turn              (no ring)
                                (no ring)
                                (no ring)

@: very slightly contaminated
A: almost no armour, stealthy swim, amphibious, 8 rings, constrict 8, camouflage
1, gelatinous body 1
a: Renounce Religion


You were on level 4 of the Dungeon.
You worshipped Makhleb.
Makhleb was noncommittal.
You were not hungry.

You visited 1 branch of the dungeon, and saw 4 of its levels.

You collected 111 gold pieces.

Inventory:

Hand Weapons
 c - a +0 dagger
   (You took it off a kobold on level 1 of the Dungeon)
 e - a +0 hand axe (weapon)
   (You found it on level 2 of the Dungeon)
Missiles
 l - a throwing net (quivered)
Armour
 g - a +2 buckler (worn)
   (You found it on level 1 of the Dungeon)
Scrolls
 f - a scroll of immolation {unknown}
 i - 3 scrolls of identify {unknown}
 j - a scroll of teleportation {unknown}
 k - a scroll of enchant weapon {unknown}
Potions
 d - a potion of brilliance {unknown}
 h - a potion of curing {unknown}
Comestibles
 b - 8 rations


   Skills:
 - Level 2.0 Dodging
 - Level 2.6 Stealth
 + Level 3.3 Spellcasting
 + Level 5.0 Ice Magic


You had 5 spell levels left.
You knew the following spells:

 Your Spells              Type           Power        Failure   Level  Hunger
a - Freeze                Ice            ###.         3%          1    None
b - Frozen Ramparts       Ice            ###...       10%         3    ###....

Your spell library contained the following spells:

 Spells                   Type           Power        Failure   Level  Hunger
 Ozocubu's Armour         Chrm/Ice       ##......     28%         3    ###....
 Hailstorm                Conj/Ice       ##......     67%         4    ####...
 Summon Ice Beast         Ice/Summ       ##......     67%         4    ####...


Dungeon Overview and Level Annotations

Branches:
Dungeon (4/15)
 Temple: D:4-7

Altars:
Cheibriados
Hepliaklqana
Makhleb
Vehumet
The Shining One

Annotations:
D:3 1 runed translucent door, PezzR's ghost, amateur GrFi


Innate Abilities, Weirdness & Mutations

You cannot wear most types of armour.
You are very stealthy in the water. (Stealth+)
You are amphibious.
You can wear up to eight rings at the same time.
You can use your tentacles to constrict eight enemies at once.
Your skin changes colour to match your surroundings (Stealth+).
Your rubbery body absorbs attacks. (AC +1, EV +1)


Message History

You constrict the orc priest. The orc priest closely misses you.
Unknown command.
You hit the orc priest.
The orc priest is almost dead.
You barely miss something. You constrict the orc priest.
The orc priest hits you with a +0 club.
* * * LOW HITPOINT WARNING * * *
You hear some strange, mumbled words.
A puff of flame appears from out of thin air!
The puff of flame hits you.
* * * LOW HITPOINT WARNING * * *
You hit the orc priest but do no damage.
The orc priest is almost dead.
You hit something. You constrict the orc priest.
You kill the orc priest!
Makhleb accepts your kill.
Your Ice Magic skill increases to level 5!
The orc closely misses you. Something barely misses you.
The orc closely misses you.
Unknown command.
There is a stone staircase leading down here.
Something hits you.
* * * LOW HITPOINT WARNING * * *
The orc barely misses you.
You climb downwards.
Reactivating autopickup.
An adder, 2 jackals and an ogre come into view.
The jackal barks!
You hear a bark!
The ogre shouts!
Found five items.
Found a stone staircase leading down.
There is a stone staircase leading up here.
Unknown command.
Unknown command.
A howler monkey skeleton comes into view.
Something hits you but does no damage.
Deactivating autopickup; reactivate with Ctrl-A.
Found a blackened tourmaline ring.
Unknown command.
A ball python skeleton comes into view.
A jackal comes into view.
There is a stone staircase leading down here.
The helpless adder fails to defend itself.
You hit the adder. Your grab misses the adder. Your squeeze misses the adder.
The adder is lightly wounded.
You hit something. The adder barely misses you.
Something completely misses you. The adder barely misses you.
An adder skeleton comes into view.
Unknown command.
Unknown command.
The adder bites you.
You die...

...##...##
.........# .#
.........# .#
.........# .#
........O# .#
!......<.# .#
.........# .#
...[.....######.#
....../.....##@.#
....h.?...O..#S##
...........Z.h.#
............Z..#
.......?.......#
..............#
..............#
.=...Z.......#
.............


You could see an adder, a jackal and a howler monkey skeleton.

Vanquished Creatures
  An orc priest (D:3)
  3 adders (D:3)
  An ooze (D:3)
  A worm (D:2)
  A leopard gecko (D:1)
  2 orcs (D:3)
  5 bats
  A giant cockroach (D:2)
  2 goblins (D:1)
  2 hobgoblins (D:3)
  2 frilled lizards
  A kobold (D:1)
  3 rats
25 creatures vanquished.

Notes
Turn   | Place    | Note
-------+----------+-------------------------------------------
     0 | D:1      | Flugslaktarn the Octopode Ice Elementalist began the quest
                  | for the Orb.
     0 | D:1      | Reached XP level 1. HP: 11/11 MP: 3/3
   165 | D:2      | Found a radiant altar of Vehumet.
   166 | D:2      | Found a burning altar of Makhleb.
   173 | D:2      | Became a worshipper of Makhleb the Destroyer
   184 | D:2      | Reached XP level 2. HP: 17/17 MP: 3/5
   312 | D:3      | Found a hazy altar of Hepliaklqana.
   361 | D:2      | Found a snail-covered altar of Cheibriados.
   402 | D:2      | Reached XP level 3. HP: 21/21 MP: 7/7
   407 | D:2      | Found a glowing golden altar of the Shining One.
   445 | D:3      | Learned a level 3 spell: Frozen Ramparts
   461 | D:3      | Found a runed translucent door.
   542 | D:3      | Noticed a bullfrog
   543 | D:3      | Noticed PezzR's ghost (amateur GrFi)
   586 | D:3      | Reached XP level 4. HP: 10/27 MP: 4/8
   591 | D:3      | Reached skill level 5 in Ice Magic
   595 | D:4      | Noticed an ogre
   605 | D:4      | Slain by an adder

Illustrated notes

Levels and vault maps discovered:
D:1:      nicolae_arrival_somewhat_less_tricky_arrival, layout_basic,
          minmay_crystal_room, st_stairs_12, ebering_dispersal_statue_hall,
          minmay_pentomino_s2
D:2:      layout_rooms, chequers_temple_overflow_statue_of_worship,
          nicolae_overflow_crystal_walls, tso_metal_star, kennysheep_donut,
          uniq_robin
D:3:      layout_rooms, overflow_temple_1_default,
          lemuel_coloured_pillars_altar, ebering_ghost_sewer_d, first_ration,
          serial_rivers, chequers_serial_rivers_micro_b,
          chequers_serial_rivers_small_a, chequers_serial_rivers_small_b,
          chequers_serial_rivers_micro_e, chequers_serial_rivers_large_b,
          wad_floor_pattern_2, st_stairs_9
D:4:      layout_rooms

Skill      XL: |  1  2  3  4 |
---------------+-------------+-----
Spellcasting   | 3 |  3.3
Ice Magic      | 5 |  5.0
Dodging        | |  2.0
Stealth        | |  2.6

Action                   |  1- 3 |  4- 6 || total
-------------------------+-------+-------++-------
Melee: Unarmed           |     5 |       ||     5
       Dagger            |     3 |       ||     3
       Hand axe          |    16 |     4 ||    20
       Constrict         |     6 |     1 ||     7
       Tentacles         |     3 |       ||     3
 Cast: Freeze            |    27 |       ||    27
       Frozen Ramparts   |     1 |       ||     1
  Use: Potion            |       |     1 ||     1
 Stab: Sleeping          |     3 |     1 ||     4
Armor: Skin              |     8 |       ||     8
Dodge: Dodged            |    38 |     8 ||    46
Block: Buckler           |     9 |       ||     9

Table legend:
 A = Non-vault XP
 B = Vault XP
 C = Vault XP percentage of total XP
 D = Non-vault monster count
 E = Vault monster count
 F = Vault count percentage of total count
                 A         B        C        D         E       F
            +---------+---------+-------+---------+---------+-------
      Total |     110 |      14 |  11.3 |      23 |       2 |   8.0
            +---------+---------+-------+---------+---------+-------
        D:1 |      14 |       0 |   0.0 |       8 |       0 |   0.0
        D:2 |      10 |       0 |   0.0 |       5 |       0 |   0.0
        D:3 |      86 |      14 |  14.0 |      10 |       2 |  16.7
            +---------+---------+-------+---------+---------+-------
